 Dungeon Crawl Stone Soup version 0.17-a0-1644-g9c114d1 (webtiles) character file.

319 HenryFlower the Insei (level 6, -1/42 HPs)
             Began as an Octopode Monk on Aug 9, 2015.
             Slain by an adder (5 damage)
             ... on level 4 of the Dungeon.
             The game lasted 00:05:52 (1945 turns).

HenryFlower the Insei (Octopode Monk)               Turns: 1945, Time: 00:05:55

Health: -1/42      AC:  1    Str: 13    XL:     6   Next: 46%
Magic:  6/6        EV: 13    Int: 13    God:
Gold:   133        SH:  0    Dex: 13    Spells: 0 memorised, 5 levels left

rFire  . . .     SeeInvis .       - Unarmed
rCold  . . .     Clarity  .     (no shield)
rNeg   . . .     SustAt   .     (helmet restricted)
rPois  .         Gourm    .     (no amulet)
rElec  .         Spirit   .     (no ring)
rCorr  .         Warding  .     (no ring)
rMut   .         Stasis   .     (no ring)
MR     .....                    (no ring)
Stlth  +++.......               (no ring)
                                (no ring)
                                (no ring)
                                (no ring)

@: lethally poisoned (-1 -> -3), flying, very slightly contaminated, hasted,
very quick, not resistant to hostile enchantments, fairly stealthy
A: almost no armour, amphibious, 8 rings, constrict 8, camouflage 1, clumsy 1,
strong 1, gelatinous body 1, no device heal 1
a: no special abilities


You were on level 4 of the Dungeon.
You were not hungry.

You visited 1 branch of the dungeon, and saw 4 of its levels.

You collected 133 gold pieces.

Inventory:

Missiles
 b - 8 steel javelins (quivered)
 h - 22 poisoned needles
Scrolls
 e - 3 scrolls of identify
 k - 2 scrolls of remove curse
 l - 2 scrolls of teleportation {unknown}
 o - 2 scrolls of enchant armour {unknown}
 p - a scroll of enchant weapon {unknown}
 r - a scroll of noise {unknown}
Potions
 n - a potion of brilliance {unknown}
 q - a potion of ambrosia {unknown}
Comestibles
 a - 3 bread rations
 c - a meat ration
 d - a beef jerky
 s - 3 chunks of flesh


   Skills:
 - Level 3.0 Fighting
 + Level 3.1 Throwing
 - Level 3.0 Dodging
 - Level 2.6 Stealth
 * Level 6.7 Unarmed Combat


You had 5 spell levels left.
You didn't know any spells.

Dungeon Overview and Level Annotations

Branches:
Dungeon (4/15)
 Temple: D:4-7

Altars:
Okawaru
Zin


Innate Abilities, Weirdness & Mutations

You cannot wear most types of armour.
You are amphibious.
You can wear up to eight rings at the same time.
You can use your tentacles to constrict eight enemies at once.
Your skin changes colour to match your surroundings (Stealth).
Your rubbery body absorbs attacks (AC +1).
You are clumsy. (Dex -2)
Your muscles are strong. (Str +2)
Potions and wands are less effective at restoring your health.


Message History

Unknown command.
Drink which item? (? for menu, Esc to quit)
It was a potion of flight.
You feel very buoyant.
You fly up into the air.
The adder completely misses you.
Unknown command.
Drink which item? (? for menu, Esc to quit)
It was a potion of haste.
You feel yourself speed up. The adder closely misses you. x2
You are very lightly contaminated with residual magic.
Drink which item? (? for menu, Esc to quit)
It was a potion of cure mutation.
It has a very clean taste.
You feel sick.
Drink which item? (? for menu, Esc to quit)
It was a potion of mutation.
You feel extremely strange.
You feel clumsy.
Your system partially rejects artificial healing.
You feel stronger.
The quokka twitches its whiskers.
The adder bites you.
You die...

.... ....
..... ...r.
......
.!....###
........##
.......@.#
.......S..#
.........##
###.....##
#######


You could see an adder and a quokka.

Vanquished Creatures
  Sigmund (D:3)
  An ogre (D:3)
  A gnoll (D:1)
  3 adders (D:3)
  2 worms (D:2)
  3 giant geckos
  A ball python (D:3)
  4 giant cockroaches
  A hobgoblin (D:1)
  3 bats
  2 giant newts
  8 goblins
  7 kobolds
  A quokka (D:2)
  3 rats
41 creatures vanquished.

Notes
Turn   | Place    | Note
--------------------------------------------------------------
     0 | D:1      | HenryFlower the Octopode Monk began the quest for the Orb.
     0 | D:1      | Reached XP level 1. HP: 16/16 MP: 1/1
   113 | D:1      | Reached XP level 2. HP: 18/21 MP: 2/2
   364 | D:1      | Reached XP level 3. HP: 22/26 MP: 3/3
   565 | D:1      | Reached skill level 5 in Unarmed Combat
  1205 | D:2      | Found an iron altar of Okawaru.
  1457 | D:3      | Noticed an ogre
  1465 | D:3      | Killed an ogre
  1465 | D:3      | Reached XP level 4. HP: 31/31 MP: 4/4
  1465 | D:3      | Reached XP level 5. HP: 36/36 MP: 5/5
  1590 | D:3      | Found a glowing silver altar of Zin.
  1809 | D:3      | Noticed Sigmund
  1813 | D:3      | Killed Sigmund
  1813 | D:3      | Reached skill level 6 in Unarmed Combat
  1813 | D:3      | Reached XP level 6. HP: 42/42 MP: 6/6
  1945 | D:4      | Gained mutation: You are clumsy. (Dex -2) [potion of mutation]
  1945 | D:4      | Gained mutation: Potions and wands are less effective at restoring your health. [potion of mutation]
  1945 | D:4      | Gained mutation: Your muscles are strong. (Str +2) [potion of mutation]
  1945 | D:4      | Slain by an adder

Vault maps used:
D:1:      roderic_crossed_star, grunt_decor_fettered, fountainhead
D:2:      okawaru_gym_becter
D:3:      overflow_temple_1_default, first_bread, uniq_sigmund
D:4:      temple_hall, nicolae_ossuary_entry_false_entrances

Action                   |  1- 3 |  4- 6 || total
-------------------------+-------+-------++-------
Melee: Unarmed           |    69 |    19 ||    88
Throw: Javelin           |     7 |     7 ||    14
  Use: Potion            |       |     6 ||     6
       Scroll            |       |     1 ||     1
 Stab: Sleeping          |     8 |     3 ||    11
       Distracted        |     1 |       ||     1
  Eat: Chunk             |     1 |     2 ||     3
